 Dungeon Crawl Stone Soup version 0.23-a0-419-g0174fd8 (webtiles) character file.

32126 Geeful the Unseen (level 14, -6/99 HPs)
             Began as a Halfling Skald on Nov 12, 2018.
             Was an Elder of Dithmenos.
             Mangled by a catoblepas (24 damage)
             ... on level 1 of the Lair of Beasts.
             The game lasted 01:46:34 (21535 turns).

Geeful the Unseen (Halfling Skald)                 Turns: 21535, Time: 01:46:35

Health: -6/99      AC: 14    Str: 15    XL:     14   Next: 1%
Magic:  13/17      EV: 25    Int: 11    God:    Dithmenos [****..]
Gold:   945        SH:  0    Dex: 16    Spells: 10/18 levels left

rFire    . . .     SeeInvis +   a - +6 dagger "Gyef" {pain, -Tele rC+ rN+ SInv}
rCold    + . .     Gourm    .   (shield restricted)
rNeg     + + .     Faith    .   q - +3 leather armour
rPois    .         Spirit   .   K - +1 hat {SInv}
rElec    .         Reflect  .   N - +0 cloak
rCorr    .         Harm     .   A - +1 pair of gloves
MR       ++...     NoTele   +   x - +3 pair of boots of Filth {*Corrode rN+ MR+}
Stlth    +++++++++.             G - amulet of magic regeneration
HPRegen  0.26/turn              O - +2 ring of evasion
MPRegen  0.40/turn              i - ring of flight

@: shrouded, infused (expiring), wreathed by umbra
A: small, mutation resistance 1
a: Shadow Step, Renounce Religion, Evoke Flight


You were on level 1 of the Lair of Beasts.
You worshipped Dithmenos.
Dithmenos was greatly pleased with you.
You were not hungry.

You visited 3 branches of the dungeon, and saw 17 of its levels.
You also visited: Bailey.

You collected 1127 gold pieces.
You spent 182 gold pieces at shops.

Inventory:

Hand Weapons
 a - the +6 dagger "Gyef" (weapon) {pain, -Tele rC+ rN+ SInv}
   (You found it on level 7 of the Dungeon)

   In the hands of one skilled in necromantic magic, it inflicts extra damage on
   living creatures.
   It protects you from cold.
   It protects you from negative energy.
   It lets you see invisible.
   It prevents most forms of teleportation.
 b - a +1 hunting sling of velocity
 r - a +1 vampiric rapier
 F - a +1 short sword
Missiles
 J - 84 sling bullets
Armour
 q - a +3 leather armour (worn)
 x - the +3 pair of boots of Filth (worn) {*Corrode rN+ MR+}
   (You found it on level 5 of the Dungeon)

   It protects you from negative energy.
   It affects your resistance to hostile enchantments.
   It may corrode you when you take damage.
 A - a +1 pair of gloves (worn)
 I - a +0 shield
 K - a +1 hat of see invisible (worn)
 N - a +0 cloak (worn)
Jewellery
 i - a ring of flight (right hand)
 j - an uncursed ring of protection from fire
 C - a +1 ring of protection
 D - an uncursed ring of positive energy
 G - an amulet of magic regeneration (around neck)
 O - a +2 ring of evasion (left hand)
 Q - an uncursed ring of protection from magic
Wands
 c - a wand of polymorph (10)
 g - a wand of enslavement (7)
 k - a wand of paralysis (12)
 l - a wand of iceblast (8)
 y - a wand of random effects (36)
 H - a wand of flame (21)
 L - a wand of digging (5)
 M - a wand of disintegration (11)
 S - a wand of clouds (6)
Scrolls
 e - 12 scrolls of remove curse
 n - 5 scrolls of amnesia
 s - a scroll of immolation
 t - 2 scrolls of torment
 v - 4 scrolls of enchant weapon
 z - 4 scrolls of enchant armour
 B - a scroll of fear
 R - a scroll of identify
Potions
 f - 2 potions of brilliance
 h - 2 potions of haste
 m - a potion of mutation
 o - 2 potions of magic
 p - 3 potions of lignification
 u - 2 potions of flight
 E - 2 potions of agility
Comestibles
 d - 21 rations
 P - 6 chunks of flesh


   Skills:
 + Level 10.1 Fighting
 - Level 11.0 Short Blades
 - Level 1.1 Armour
 + Level 11.8 Dodging
 + Level 15.7 Stealth
 - Level 2.6 Spellcasting
 - Level 6.1 Charms


You had 10 spell levels left.
You knew the following spells:

 Your Spells              Type           Power        Failure   Level  Hunger
a - Infusion              Chrm           ##..         2%          1    ##.....
b - Song of Slaying       Chrm           ##......     4%          2    ###....
c - Shroud of Golubria    Chrm/Tloc      #.........   14%         2    ###....
d - Regeneration          Chrm/Necr      #.........   28%         3    ####...

Your spell library contained the following spells:

 Spells                   Type           Power        Failure   Level  Hunger
 Spectral Weapon          Hex/Chrm       #.......     28%         3    ####...
 Animate Skeleton         Necr           N/A          34%         1    ##.....
 Confusing Touch          Hex            #.....       34%         1    ##.....
 Corona                   Hex            #......      34%         1    ##.....
 Pain                     Necr           #...         34%         1    ##.....
 Ensorcelled Hibernation  Hex/Ice        #.....       45%         2    ###....
 Confuse                  Hex            #.......     71%         3    ####...
 Dazzling Spray           Conj/Hex       #.....       71%         3    ####...
 Gell's Gravitas          Tloc           #.........   71%         3    ####...
 Tukima's Dance           Hex            #.......     71%         3    ####...
 Vampiric Draining        Necr           #.........   71%         3    ####...
 Animate Dead             Necr           N/A          98%         4    #####..
 Leda's Liquefaction      Hex/Erth       #.........   98%         4    #####..
 Petrify                  Tmut/Erth      #.......     98%         4    #####..
 Bolt of Magma            Conj/Fire/Erth #.........   100%        5    ######.
 Metabolic Englaciation   Hex/Ice        #.........   100%        5    ######.
 Yara's Violent Unravell  Hex/Tmut       #.........   100%        5    ######.
 Iron Shot                Conj/Erth      #.........   100%        6    #######
 Statue Form              Tmut/Erth      #........    100%        6    #######
 Shatter                  Erth           #.........   100%        9    #######


Dungeon Overview and Level Annotations

Branches:
Dungeon (11/15)            Temple (1/1) D:4            Lair (5/6) D:8
 Shoals (0/4) Lair:4        Snake (0/4) Lair:4          Orc (0/2) D:11
  Slime: Lair:5-6

Altars:
Ashenzari
Dithmenos
Elyvilon
Hepliaklqana
Makhleb
Ru
Sif Muna
Uskayaw
Vehumet
Xom
Zin
The Shining One
Beogh

Shops:
D:4 (   D:5 }   D:9 }

Annotations:
D:10 4 runed doors


Innate Abilities, Weirdness & Mutations

You are small and have problems with some larger weapons.
You are somewhat resistant to further mutation.


Message History

You feel much better.
The catoblepas breathes a plume of calcifying dust at you.
The blast of calcifying dust hits you!
Your magical infusion is running out.
The catoblepas completely misses you.
You hit the catoblepas.
The catoblepas is severely wounded.
The catoblepas closely misses you.
You hit the catoblepas.
The catoblepas is severely wounded.
You puncture the catoblepas!
The catoblepas is almost dead.
The catoblepas gores you!!
* * * LOW HITPOINT WARNING * * *
You hit the catoblepas but do no damage.
The catoblepas is almost dead.
You hit the catoblepas but do no damage.
The catoblepas is almost dead.
The catoblepas gores you!!
You die...

.........# .........#
#........# #........###
######## #..........#
###[.##..#
...........###.§......#
##...........#.§......#
.....#.........§......#
.....##........§@.....#
...............Y.....##
.....................#
.....................##
......................#
..........#.....>.....#
......................#
......................#
.....................P#


You could see a catoblepas.

Vanquished Creatures
  Gastronok (D:8)
  2 hydras (Lair:1)
  A catoblepas (Lair:3)
  3 two-headed ogres (D:9)
  An unseen horror (D:11)
  An orc knight (Bailey)
  An elephant (Lair:4)
  Joseph (D:7)
  A black mamba (Lair:4)
  Maurice (D:8)
  A merfolk siren (Lair:4)
  10 spiny frogs
  A rime drake (Lair:1)
  9 komodo dragons
  A queen bee (D:10)
  9 blink frogs
  A hornet (D:10)
  6 hippogriffs
  Sigmund (D:5)
  A wyvern (D:9)
  11 yaks
  A hungry ghost (D:10)
  2 basilisks
  Duvessa (D:3)
  Menkaure (D:4)
  6 water moccasins
  8 porcupines
  2 sky beasts (D:9)
  5 phantoms
  9 orc warriors
  3 ice beasts
  5 ogres
  A necrophage (D:5)
  A black bear (D:9)
  6 wolves (Lair:2)
  10 crocodiles
  A big kobold (D:10)
  12 bullfrogs
  A scorpion (D:6)
  Dowan (D:3)
  A water moccasin skeleton (D:5)
  18 killer bees
  2 howler monkeys
  A bullfrog zombie (D:8)
  3 crimson imps
  2 hounds
  4 orc priests
  4 jellies
  11 orc wizards
  9 iguanas
  6 worker ants
  7 hell rats (Lair:4)
  A killer bee zombie (D:5)
  A hound skeleton (D:6)
  10 adders
  A howler monkey skeleton (D:7)
  2 shadow imps
  An adder skeleton (D:4)
  2 adder zombies
  4 worms
  3 dart slugs
  2 leopard geckos
  28 orcs
  3 giant cockroaches
  14 goblins
  7 hobgoblins
  14 jackals
  4 quokkas
  3 ball pythons
  2 bats (D:1)
  4 frilled lizards
  6 kobolds
  2 quokka skeletons
  4 rats
326 creatures vanquished.

Vanquished Creatures (collateral kills)
  A hydra (Lair:4)
  A plant (Lair:4)
2 creatures vanquished.

Vanquished Creatures (others)
  4 fungi
  5 plants
9 creatures vanquished.

Grand Total: 337 creatures vanquished

Notes
Turn   | Place    | Note
-------+----------+-------------------------------------------
     0 | D:1      | Geeful the Halfling Skald began the quest for the Orb.
     0 | D:1      | Reached XP level 1. HP: 14/14 MP: 3/3
   138 | D:1      | Reached XP level 2. HP: 19/19 MP: 1/4
   945 | D:2      | Found a white marble altar of Elyvilon.
  1045 | D:2      | Reached XP level 3. HP: 20/24 MP: 0/6
  1743 | D:2      | Learned a level 2 spell: Song of Slaying
  1746 | D:2      | Learned a level 2 spell: Shroud of Golubria
  2024 | D:3      | Reached XP level 4. HP: 29/29 MP: 4/7
  2217 | D:3      | Learned a level 3 spell: Regeneration
  2618 | D:3      | Found a deep blue altar of Sif Muna.
  2631 | D:3      | Reached XP level 5. HP: 23/34 MP: 0/8
  2720 | D:3      | Reached skill level 1 in Stealth
  2863 | D:3      | Found a glowing golden altar of the Shining One.
  3581 | D:4      | Noticed Dowan
  3821 | D:4      | Noticed Menkaure
  3832 | D:4      | Killed Menkaure
  3832 | D:4      | Reached skill level 2 in Stealth
  3832 | D:4      | Reached skill level 5 in Charms
  3832 | D:4      | Reached XP level 6. HP: 12/39 MP: 0/9
  4058 | D:4      | Found Dedu's Antique Weapon Shop.
  4190 | D:4      | Noticed Duvessa
  4237 | D:3      | Killed Dowan
  4237 | D:3      | Reached skill level 3 in Stealth
  4302 | D:3      | Killed Duvessa
  4302 | D:3      | Reached XP level 7. HP: 15/44 MP: 0/10
  4634 | D:4      | Bought a runed rapier for 182 gold pieces
  4747 | D:4      | Found a staircase to the Ecumenical Temple.
  4780 | D:4      | Reached skill level 4 in Stealth
  4815 | D:4      | Reached skill level 5 in Short Blades
  5051 | Temple   | Entered the Ecumenical Temple
  5059 | Temple   | Became a worshipper of Dithmenos the Shadowed
  5187 | D:5      | Entered Level 5 of the Dungeon
  5202 | D:5      | Got a pair of smoking boots
  5295 | D:4      | Identified the +3 pair of boots of Filth {*Corrode rN+ MR+}
                  | (You found it on level 5 of the Dungeon)
  5423 | D:5      | Reached skill level 5 in Stealth
  5423 | D:5      | Reached XP level 8. HP: 17/49 MP: 4/11
  5677 | D:5      | Found Uramisue's Gadget Shoppe.
  5704 | D:5      | Noticed Sigmund
  5752 | D:5      | Killed Sigmund
  5983 | D:5      | Reached skill level 6 in Stealth
  6555 | D:6      | Reached skill level 7 in Stealth
  6600 | D:6      | Reached XP level 9. HP: 42/54 MP: 5/12
  6824 | D:6      | Reached skill level 8 in Stealth
  6927 | D:6      | Reached * piety under Dithmenos
  7187 | D:6      | Found a burning altar of Makhleb.
  7187 | D:6      | Found a hide-covered altar of Uskayaw.
  7354 | D:7      | Found a flagged portal.
  7381 | Bailey   | Entered a bailey
  7896 | Bailey   | Reached skill level 9 in Stealth
  7933 | Bailey   | Found a roughly hewn altar of Beogh.
  7933 | Bailey   | Noticed an orc knight
  7939 | Bailey   | Killed an orc knight
  7939 | Bailey   | Reached skill level 10 in Short Blades
  7941 | Bailey   | Reached XP level 10. HP: 35/60 MP: 10/13
  7947 | Bailey   | Reached skill level 10 in Stealth
  8424 | D:7      | Got a slimy dagger
  8426 | D:7      | Identified the +6 dagger "Gyef" {pain, -Tele rC+ rN+ SInv}
                  | (You found it on level 7 of the Dungeon)
  8649 | D:7      | Noticed Joseph
  8685 | D:7      | Killed Joseph
  8685 | D:7      | Reached skill level 11 in Stealth
  8778 | D:7      | Reached skill level 5 in Fighting
  8778 | D:7      | Reached skill level 12 in Stealth
  8778 | D:7      | Reached XP level 11. HP: 72/72 MP: 12/14
  8879 | D:8      | Found a staircase to the Lair.
  8911 | D:8      | Noticed Gastronok
  8967 | D:8      | Killed Gastronok
  8967 | D:8      | Reached skill level 13 in Stealth
  9089 | D:8      | Reached ** piety under Dithmenos
  9359 | D:8      | Found a shattered altar of Ashenzari.
  9568 | D:8      | Noticed Maurice
  9573 | D:8      | Killed Maurice
  9622 | D:8      | Reached XP level 12. HP: 73/80 MP: 4/15
 10403 | D:9      | Found Namus's Gadget Boutique.
 10455 | D:9      | Noticed a two-headed ogre
 10473 | D:9      | Killed a two-headed ogre
 10503 | D:9      | Found a hazy altar of Hepliaklqana.
 10504 | D:9      | Found a shimmering altar of Xom.
 10761 | D:9      | Found a glowing silver altar of Zin.
 10846 | D:9      | Noticed a two-headed ogre
 10859 | D:9      | Killed a two-headed ogre
 11101 | D:9      | Noticed a two-headed ogre
 11130 | D:9      | Killed a two-headed ogre
 11570 | D:10     | Entered Level 10 of the Dungeon
 11587 | D:10     | Reached *** piety under Dithmenos
 11841 | D:10     | Found a huge runed gate.
 11842 | D:10     | Found a huge runed gate.
 11842 | D:10     | Found a huge runed gate.
 11842 | D:10     | Found a huge runed gate.
 11842 | D:10     | Noticed a death yak
 12241 | D:10     | HP: 4/82 [poisoned by a queen bee]
 12246 | D:10     | Reached skill level 14 in Stealth
 12952 | D:11     | Found a staircase to the Orcish Mines.
 12962 | D:11     | Found a roughly hewn altar of Beogh.
 12962 | D:11     | Noticed an unseen horror
 12993 | D:11     | Killed an unseen horror
 13413 | Lair:1   | Entered Level 1 of the Lair of Beasts
 14159 | Lair:1   | Noticed a seven-headed hydra
 14168 | Lair:1   | Killed a seven-headed hydra
 14168 | Lair:1   | Reached skill level 10 in Dodging
 14213 | Lair:1   | Noticed a four-headed hydra
 14296 | Lair:1   | Reached XP level 13. HP: 82/89 MP: 5/16
 14590 | Lair:1   | Killed a four-headed hydra
 15266 | Lair:2   | Noticed a catoblepas
 16485 | Lair:2   | Reached **** piety under Dithmenos
 16485 | Lair:2   | Reached skill level 15 in Stealth
 17551 | Lair:3   | Noticed a catoblepas
 17584 | Lair:3   | Killed a catoblepas
 17757 | Lair:3   | Found a sacrificial altar of Ru.
 18162 | Lair:4   | Found a staircase to the Shoals.
 19318 | Lair:4   | Noticed an eight-headed hydra
 19354 | Lair:4   | Found a staircase to the Snake Pit.
 19378 | Lair:4   | Killed an eight-headed hydra
 20511 | Lair:5   | Reached skill level 10 in Fighting
 21380 | Lair:5   | Reached XP level 14. HP: 99/99 MP: 17/17
 21535 | Lair:1   | Mangled by a catoblepas

Vault maps used:
D:1:      minmay_arrival_floating_metal, glass_columns_a
D:2:      first_ration, elyvilon_altar_3
D:3:      lemuel_crystal_altar, lemuel_crystal_altar
D:4:      minmay_temple_entry_butterflies, serial_shops, nicolae_shop_stone,
          kennysheep_cluttered_room, uniq_menkaure, uniq_duvessa
D:5:      serial_shops, nicolae_shop_trees, uniq_sigmund
D:6:      gammafunk_temple_overflow_wave, serial_corexii_hall,
          corexii_hall_statues_l, chequers_hall_statues_wall_a,
          kennysheep_small_circle
D:7:      lemuel_ice_spiral_2, enter_bailey_3, lemuel_statue_altar, uniq_joseph
D:8:      kennysheep_little_box, lair_entry_dummy, uniq_gastronok, uniq_maurice
D:9:      regret_index_temple_of_mockery, zin_scriptorium, serial_shops,
          kennysheep_mini_moat
D:10:     lemuel_bear_cage, david_nohive_1, skrybe_limestone_x, minmay_orc_keep
D:11:     minmay_orc_entry_temple_small, serial_glass, glass_columns_a,
          glass_columns_b, minmay_crystal_room, lemuel_tele_altar, uniq_erica,
          uniq_nergalle
Temple:   dpeg_chambers_temple
Lair:1:   serial_bayou_shore_b
Lair:2:   beast_lair_carwin_large_3
Lair:3:   basic_altar, serial_bayou_pond_b, st_stairs_7,
          chequers_serial_rivers_room_b, bh_autumn_forest_stairs, minivault_11
Lair:4:   minmay_shoals_entry_lonely_mermaid, dummy_snake_entry,
          serial_bayou_crossing
Lair:5:   serial_forest, infiniplex_forest_straight_4,
          infiniplex_forest_clump_small, infiniplex_forest_lined_3,
          infiniplex_forest_pool, infiniplex_staircase_pool
Bailey:   bailey_polearm_2, bailey

Skill      XL: |  1  2  3  4  5  6  7  8  9 10 11 12 13 |
---------------+----------------------------------------+-----
Spellcasting   | 2 |  2.6
Charms         | 4 5 6 |  6.1
Stealth        | 2 3 5 7 9 12 13 14 15 | 15.7
Short Blades   | 3 4 5 7 10 11 | 11.0
Fighting       | 5 6 8 10 | 10.1
Dodging        | 7 8 10 11 | 11.8
Armour         | |  1.1

Action                   |  1- 3 |  4- 6 |  7- 9 | 10-12 | 13-15 || total
-------------------------+-------+-------+-------+-------+-------++-------
Melee: Short sword       |    96 |   182 |     2 |       |       ||   280
       Rapier            |       |       |   364 |    71 |       ||   435
       Dagger            |       |       |       |   681 |   765 ||  1446
 Cast: Infusion          |    10 |    16 |    14 |    18 |     7 ||    65
       Shroud of Golubri |       |     2 |    10 |    26 |    40 ||    78
       Song of Slaying   |       |       |     5 |     7 |     8 ||    20
Invok: Shadow Step       |       |       |       |     1 |     1 ||     2
 Abil: Evoke Flight      |     1 |       |     1 |       |     1 ||     3
Evoke: Wand              |       |       |     2 |    19 |    16 ||    37
  Use: Scroll            |     5 |     3 |     6 |     4 |     7 ||    25
       Potion            |       |     3 |     4 |     6 |     8 ||    21
 Stab: Sleeping          |     1 |       |    11 |    34 |    23 ||    69
       Distracted        |       |       |     1 |     1 |     1 ||     3
       Paralysed         |       |       |     2 |     4 |       ||     6
  Eat: Chunk             |     4 |     6 |     9 |    18 |    11 ||    48
       Ration            |       |     1 |     2 |     2 |     5 ||    10
Armor: Leather armour    |    15 |    39 |    60 |    66 |    59 ||   239
       Ring mail         |       |       |    27 |       |       ||    27
Dodge: Dodged            |    68 |   110 |   211 |   446 |   514 ||  1349

Table legend:
 A = Non-vault XP
 B = Vault XP
 C = Vault XP percentage of total XP
 D = Non-vault monster count
 E = Vault monster count
 F = Vault count percentage of total count
                 A         B        C        D         E       F
            +---------+---------+-------+---------+---------+-------
      Total |   30909 |    9230 |  23.0 |     268 |      59 |  18.0
            +---------+---------+-------+---------+---------+-------
        D:1 |      19 |       0 |   0.0 |      11 |       0 |   0.0
        D:2 |      43 |       0 |   0.0 |      15 |       0 |   0.0
        D:3 |     141 |     199 |  58.5 |      32 |       2 |   5.9
        D:4 |     262 |     157 |  37.5 |      16 |       1 |   5.9
        D:5 |     694 |     220 |  24.1 |      25 |       1 |   3.8
        D:6 |     938 |       0 |   0.0 |      14 |       0 |   0.0
        D:7 |    1241 |     493 |  28.4 |      17 |       5 |  22.7
        D:8 |    2289 |    2891 |  55.8 |      25 |       2 |   7.4
        D:9 |    4177 |       0 |   0.0 |      19 |       0 |   0.0
       D:10 |     797 |    1667 |  67.7 |      11 |      26 |  70.3
       D:11 |     805 |       3 |   0.4 |       2 |       1 |  33.3
     Lair:1 |    4499 |       0 |   0.0 |      15 |       0 |   0.0
     Lair:2 |    3630 |    1565 |  30.1 |      16 |       9 |  36.0
     Lair:3 |    3260 |     187 |   5.4 |      11 |       1 |   8.3
     Lair:4 |    4518 |     435 |   8.8 |      21 |       1 |   4.5
     Lair:5 |    3596 |       0 |   0.0 |      18 |       0 |   0.0
     Bailey |       0 |    1413 | 100.0 |       0 |      10 | 100.0
            +---------+---------+-------+---------+---------+-------
